 Dungeon Crawl Stone Soup version 0.29.1-4-g47bece8355 (webtiles) character file.

Game seed: 1501475020777191427

111930 ChadusMaximus the Convoker (level 17, -17/131 HPs)
             Began as a Human Summoner on Dec 7, 2022.
             Was a Priest of Yredelemnul.
             Killed by the raging water
             ... invoked by a water nymph
              (28 damage)
             ... on level 2 of the Shoals.
             The game lasted 01:38:19 (56487 turns).

ChadusMaximus the Convoker (Human Summoner)        Turns: 56487, Time: 01:38:21

Health: -17/131    AC: 12    Str: 12    XL:     17   Next: 14%
Magic:  19/33      EV: 15    Int: 22    God:    Yredelemnul [***...]
Gold:   3016       SH: 20    Dex: 17    Spells: 27/40 levels left

rFire   + . .      SeeInvis .   K - +4 trident (protect)
rCold   . . .      Faith    .   F - +2 kite shield
rNeg    + . .      Spirit   .   i - +3 ring mail of the Hammering Gods {Dex+5}
rPois   .          Reflect  +   Z - +0 helmet
rElec   .          Harm     .   (no cloak)
rCorr   .          Rampage  .   P - +1 pair of gloves {Stlth+}
Will    +....                   N - +0 pair of boots
Stlth   ++........              e - amulet "Haumpeu" {Reflect Fragile rF+ Str+2 Slay+2 SH+5}
HPRegen 0.31/turn               f - ring of wizardry
MPRegen 0.23/turn               W - ring of Satisfaction {Wiz rN+}

@: very slow
A: clumsy 1, MP-powered wands
a: Renounce Religion, Recall Undead Harvest, Dark Bargain


You were on level 2 of the Shoals.
You worshipped Yredelemnul.
Yredelemnul was noncommittal.
You visited 5 branches of the dungeon, and saw 25 of its levels.

You collected 3585 gold pieces.
You spent 569 gold pieces at shops.

Inventory:

Hand Weapons
 u - the +8 shortbow of Blood {vorpal, rElec Will++ rCorr Dex-3}
   (You found it on level 1 of the Lair of Beasts)

   Any ammunition fired from it inflicts extra damage upon your enemies.
   Dex:       It affects your dexterity (-3).
   rElec:     It insulates you from electricity.
   rCorr:     It protects you from acid and corrosion.
   Will:      It greatly increases your willpower.
 K - a +4 trident of protection (weapon)
 L - the +2 rapier "Ecommu" {drain, Fly}
   (You found it on level 14 of the Dungeon)

   A truly terrible weapon, it drains the life of any living foe it strikes.
   Fly:       It grants you flight.
Missiles
 D - 4 throwing nets
Armour
 i - the +3 ring mail of the Hammering Gods (worn) {Dex+5}
   (You found it on level 1 of the Lair of Beasts)

   Dex:       It affects your dexterity (+5).
 F - a +2 kite shield (worn)
 N - a +0 pair of boots (worn)
 P - a +1 pair of gloves of stealth (worn)
 Q - a +0 tower shield
 Y - a +0 robe of the Archmagi
 Z - a +0 helmet (worn)
Jewellery
 c - a ring of wizardry
 e - the amulet "Haumpeu" (around neck) {Reflect Fragile rF+ Str+2 Slay+2 SH+5}
   (You acquired it on level 2 of the Lair of Beasts)

   [amulet of reflection]

   It reflects blocked missile attacks.
   Str:       It affects your strength (+2).
   Slay:      It affects your accuracy & damage with ranged weapons and melee
   (+2).
   rF:        It protects you from fire.
   Fragile:   It will be destroyed if unequipped.
   SH:        It affects your SH (+5).
 f - a ring of wizardry (left hand)
 m - a ring of magical power
 r - a ring of protection from fire
 W - the ring of Satisfaction (right hand) {Wiz rN+}
   (You found it on level 1 of the Shoals)

   [ring of wizardry]

   It improves your spell success rate.
   rN:        It protects you from negative energy.
Wands
 B - a wand of flame (37)
 E - a wand of digging (4)
 S - a wand of mindburst (22)
Scrolls
 d - 7 scrolls of enchant armour
 h - 2 scrolls of immolation
 p - 3 scrolls of poison
 s - 2 scrolls of noise
 t - 2 scrolls of teleportation
 v - a scroll of summoning
 x - 4 scrolls of amnesia
 A - 4 scrolls of vulnerability
 I - 3 scrolls of butterflies
 J - 3 scrolls of silence
 R - 4 scrolls of magic mapping
 U - 5 scrolls of identify
Potions
 a - 2 potions of brilliance
 b - a potion of magic
 g - a potion of haste
 j - 3 potions of berserk rage
 k - 3 potions of curing
 l - 5 potions of heal wounds
 n - 3 potions of flight
 o - 8 potions of ambrosia
 q - 6 potions of might
 w - 4 potions of attraction
 z - 17 potions of degeneration
 G - 4 potions of lignification
 H - a potion of invisibility
 M - 2 potions of mutation
Miscellaneous
 y - a tin of tremorstones (2/2)
 C - a piece from Xom's chessboard (15/15)
 O - a phantom mirror
 V - a phantom mirror


   Skills:
 + Level 11.3 Fighting
 - Level 11.5 Dodging
 - Level 4.0 Stealth
 - Level 12.7 Shields
 + Level 12.3 Spellcasting
 + Level 16.6 Summonings
 + Level 5.7 Invocations


You had 27 spell levels left.
You knew the following spells:

 Your Spells              Type           Power      Damage    Failure   Level
a - Summon Small Mammal   Summ           100%       N/A       0%          1
b - Call Canine Familiar  Summ           72%        N/A       1%          3
c - Call Imp              Summ           72%        N/A       1%          2
d - Summon Lightning Spi  Summ/Air       50%        N/A       1%          4
e - Summon Guardian Gole  Hex/Summ       50%        N/A       1%          3

Your spell library contained the following spells:

 Spells                   Type           Power      Damage    Failure   Level
 Apportation              Tloc           26%        N/A       6%          1
 Poisonous Vapours        Pois/Air       26%        N/A       9%          2
 Inner Flame              Hex/Fire       13%        N/A       17%         3
 Airstrike                Air            6%         2d(1-17)  45%         4
 Anguish                  Hex/Necr       6%         N/A       45%         4
 Cause Fear               Hex            6%         N/A       45%         4
 Corpse Rot               Necr/Pois/Air  13%        N/A       45%         4
 Alistair's Intoxication  Tmut/Pois      8%         N/A       78%         5
 Iskenderun's Battlesphe  Conj           13%        2d7       78%         5
 Lightning Bolt           Conj/Air       6%         1d18      78%         5
 Spellforged Servitor     Conj/Summ      25%        N/A       78%         7
 Iron Shot                Conj/Erth      6%         9d2       99%         6
 Enfeeble                 Hex            6%         N/A       100%        7
 Discord                  Hex            6%         N/A       100%        8


Dungeon Overview and Level Annotations

Branches:
Dungeon (15/15)            Temple (1/1) D:7            Lair (5/5) D:8
 Shoals (2/4) Lair:3       Spider (0/4) Lair:3        Slime (0/5) Lair:5
    Orc (2/2) D:12            Elf (0/3) Orc:2        Vaults (0/5) D:14
 Depths (0/4) D:15

Altars:
Ashenzari
Cheibriados
Dithmenos
Elyvilon
Fedhas
Gozag
Hepliaklqana
Kikubaaqudgha
Makhleb
Nemelex Xobeh
Okawaru
Qazlal
Ru
Sif Muna
Trog
Uskayaw
Vehumet
Wu Jian
Xom
Yredelemnul
Zin
The Shining One
Jiyva

Shops:
D:1 ?   D:4 ??*[*   D:8 *   D:9 [   D:10 *   D:11 *   Orc:1 (   Orc:2 [?(*

Annotations:
D:3 1 runed translucent door, Destapler's ghost, amateur MiBe
D:5 1 runed translucent door
D:9 2 transporters, Sikaos's ghost, journeyman HuCj


Innate Abilities, Weirdness & Mutations

You are clumsy. (Dex -2)
You expend magic power (3 MP) to strengthen your wands.


Message History

The water nymph touches your lightning spire.
Your snapping turtle zombie barely misses the water nymph.
Your snapping turtle zombie bites the water nymph!!
The water nymph dies!
The dead are walking!
You hit the water nymph.
Your weapon exudes an aura of protection.
The water nymph is lightly wounded.
The water nymph touches you. The water nymph drowns you!
Your snapping turtle zombie bites the elemental wellspring.
The water elemental hits your snapping turtle zombie!!
The water elemental engulfs your snapping turtle zombie in water!
The water elemental hits your snapping turtle zombie!
The water elemental engulfs your snapping turtle zombie in water!
Your water nymph zombie completely misses the elemental wellspring.
You block the water nymph's attack.
Something hits your snapping turtle zombie.
The water elemental hits your snapping turtle zombie.
Your snapping turtle zombie is no longer engulfed.
Your snapping turtle zombie barely misses the water elemental.
The water nymph casts a spell at you. The water swirls and strikes you!!
* * * LOW HITPOINT WARNING * * *
Your water nymph zombie hits the elemental wellspring.
Your snapping turtle zombie bites the elemental wellspring from afar!
Something hits your snapping turtle zombie.
Splash!
You fall into the shallow water.
Moving in this stuff is going to be slow.
The water nymph gestures at you while chanting.
The water swirls and strikes you!!
* * * LOW HITPOINT WARNING * * *
Okay, then.
As you read the scroll of fear, it crumbles to dust.
You assume a fearsome visage.
The water elemental is unaffected.
The water nymph resists with almost no effort.
The water nymph casts a spell at you. The water swirls and strikes you!!
You die...
Your body rises from the dead as a mindless zombie.

≈≈≈≈≈≈≈≈~~~~~~~...~~~~~~~.
≈≈≈≈≈≈≈≈≈≈~~~~~...~~~~~~~~
≈≈≈≈≈≈≈≈≈≈~~~~~~.~~~~~~~..
≈≈≈≈≈≈~~~~~~~.~~~~~~≈~~~..
≈≈≈~......~~#~#~#≈#≈~~..
≈≈~~..###.#~~~~~≈≈≈≈#~..
≈≈~~.~~~#..~≈#####≈≈~~#.
≈≈~~..#.....##≈≈.##≈~~..
≈≈~...~@#####≈≈≈≈ #####.
≈≈~...#m#~8~E≈≈≈≈ #~
≈≈~...~EZ~ZZE≈≈≈≈ #~
≈≈~...#~#~~≈≈Z≈≈≈ #.
≈≈~.....#####≈≈≈≈ #####.
≈≈~...#.. ≈≈≈##~....
≈≈~.....# #####~~..#.
≈≈~.. ... .~≈≈≈~~#..~
≈≈≈~..... #≈#≈#~....


You could see a water elemental (summoned), a water nymph (ally target) and a
friendly snapping turtle zombie.

Vanquished Creatures
  A merfolk impaler (Shoals:2)
  A vault guard (D:14)
  A boulder beetle (D:12)
  A hydra (D:15)
  An alligator snapping turtle (Shoals:2)
  A sea snake (Shoals:1)
  2 harpies (Shoals:1)
  3 orc knights
  2 deep elf pyromancers
  3 cyclopes
  An ugly thing (D:15)
  A manticore (Shoals:1)
  3 fauns (Shoals:1)
  A water nymph (Shoals:2)
  2 elephants (Lair:4)
  A gargoyle (D:13)
  A komodo dragon (Lair:2)
  3 slime creatures
  2 blink frogs (Lair:5)
  A snapping turtle (Shoals:2)
  A centaur simulacrum (D:15)
  3 yaks
  A fire elemental (D:11)
  A warg (D:15)
  An acid dragon (D:11)
  4 water moccasins
  6 orc warriors
  An ice beast (D:6)
  3 ogres
  A wolf (Lair:2)
  A phantom (D:4)
  A bullfrog (D:7)
  A kobold brigand (D:8)
  A scorpion (D:5)
  2 wights
  A howler monkey (D:5)
  2 hounds
  2 jellies
  3 orc priests
  3 iguanas
  5 orc wizards
  A nameless horror (Lair:3)
  3 adders
  A gnoll (D:9)
  An orc zombie (Orc:1)
  A shadow imp (D:7)
  A white imp (D:5)
  An ufetubus (D:5)
  A dart slug (D:6)
  17 orcs
  3 bats (D:1)
  9 endoplasms
  2 goblins
  7 hobgoblins
  7 kobolds
  3 quokkas
  3 frilled lizards (D:2)
  6 rats
143 creatures vanquished.

Vanquished Creatures (collateral kills)
  A titan (Shoals:1)
  The ghost of Qacareed the Warrior, an adept MiBe of Trog (D:14)
  Agnes (D:13)
  Louise (Shoals:2)
  Azrael (D:12)
  An ettin (Orc:2)
  A merfolk impaler (Shoals:1)
  A great orb of eyes (D:15)
  A fire dragon (Lair:5)
  7 vault guards
  2 rakshasas (D:15)
  2 boulder beetles (D:13)
  7 hydras
  2 catoblepae
  A merfolk avatar (Shoals:2)
  2 centaur warriors (D:13)
  5 two-headed ogres
  An alligator (shapeshifter) (D:15)
  4 death yaks (Lair:2)
  A tengu warrior (D:15)
  3 orc high priests (Orc:2)
  7 skeletal warriors
  5 sea snakes
  A swamp dragon (Lair:5)
  Pikel (D:6)
  4 orc knights
  An oklob plant (Lair:5)
  2 harpies (Shoals:1)
  A deep elf pyromancer (D:14)
  5 manticores
  12 ugly things
  4 orc sorcerers
  3 fauns
  5 cyclopes
  3 merfolk sirens
  12 elephants
  7 black mambas
  Joseph (D:8)
  3 water nymphs
  A torpor snail (Lair:3)
  A gargoyle (D:13)
  5 cane toads
  3 unseen horrors
  8 komodo dragons
  3 rime drakes
  2 kobold demonologists (D:11)
  A tengu conjurer (D:15)
  The ghost of kalagan the Conjurer, a novice DECj (D:5)
  3 trolls
  4 polar bears
  7 merfolk
  2 wind drakes
  A queen bee (Lair:3)
  3 meliai (D:15)
  A meliai (shapeshifter) (D:14)
  8 slime creatures
  8 blink frogs (Lair:5)
  3 snapping turtles
  8 dream sheep
  A shadow (D:11)
  A culicivora (Lair:3)
  2 wraiths
  2 water elementals (D:15)
  A wyvern (D:7)
  A vampire (D:12)
  4 basilisks
  28 yaks
  3 fire elementals (D:12)
  4 hogs (D:12)
  4 wargs
  5 acid dragons
  6 vampire mosquitoes
  3 nameless horrors
  4 water moccasins
  2 hell hounds (D:12)
  14 orc warriors
  A sky beast (D:7)
  3 swamp drakes
  An ice beast (D:5)
  A black bear (D:4)
  3 boggarts (D:14)
  6 centaurs
  9 wolves
  7 ogres
  A phantom (D:6)
  A lemure (D:6)
  3 kobold brigands
  2 necrophages
  3 scorpions
  3 gnoll sergeants
  6 bullfrogs
  15 wights
  25 killer bees
  An electric eel (Orc:2)
  7 howler monkeys
  6 hounds
  2 gnoll boudas
  3 jellies
  19 orc priests
  4 iguanas
  26 orc wizards
  2 adders
  12 gnolls
  A river rat (D:5)
  A white imp (D:6)
  A gnoll zombie (Lair:5)
  4 worms
  A dart slug (D:3)
  56 orcs
  3 goblins
  2 hobgoblins
  19 kobolds
  A quokka (D:5)
  3 training dummies (Orc:1)
  2 ball pythons
  2 frilled lizards
  A kobold zombie (D:8)
  6 orc zombies
  3 rats
559 creatures vanquished.

Vanquished Creatures (others)
  Kirke (D:12)
  A catoblepas (Shoals:2)
  A skeletal warrior (D:14)
  A sea snake (Shoals:2)
  A spectral merfolk (Shoals:2)
  A wizard (D:14)
  6 ugly thing zombies (D:15)
  An orc sorcerer (Orc:2)
  4 sea snake zombies
  A catoblepas zombie (Shoals:2)
  3 hydra zombies
  3 human zombies (D:14)
  3 harpy zombies (Shoals:1)
  An alligator zombie (D:15)
  2 boulder beetle zombies (D:13)
  2 black mamba zombies
  4 meliai zombies
  6 merfolk zombies
  A human (D:12)
  6 slime creature zombies
  A wind drake zombie (Shoals:2)
  A faun zombie (Shoals:1)
  A two-headed ogre zombie (Orc:2)
  A water nymph zombie (Shoals:2)
  A cane toad zombie (Lair:5)
  An orc warrior (Orc:1)
  An elf zombie (D:14)
  4 manticore zombies (Shoals:2)
  2 elephant zombies
  2 dream sheep zombies
  2 blink frog zombies (Lair:5)
  A boggart (D:14)
  3 hog zombies (D:12)
  A rime drake zombie (Lair:5)
  3 komodo dragon zombies
  A cyclops zombie (Shoals:2)
  2 hell hound zombies (D:12)
  3 water moccasin zombies
  4 warg zombies (D:15)
  8 yak zombies
  2 tengu zombies (D:15)
  A troll zombie (D:13)
  3 polar bear zombies
  6 wolf zombies (Lair:5)
  3 bullfrog zombies
  A basilisk zombie (D:15)
  2 centaur zombies (D:9)
  An orc wizard (Orc:1)
  A boggart zombie (D:14)
  7 killer bee zombies (Lair:3)
  2 ogre zombies (Orc:2)
  An acid dragon zombie (Lair:5)
  5 kobold zombies
  2 howler monkey zombies (D:13)
  3 iguana zombies (Lair:5)
  A jelly zombie (D:8)
  An orc (Orc:1)
  3 gnoll zombies
  42 orc zombies
  35 fungi
  101 plants
  2 withered plants (D:3)
317 creatures vanquished.

Grand Total: 1019 creatures vanquished

Notes
Turn   | Place    | Note
-------+----------+-------------------------------------------
     0 | D:1      | ChadusMaximus the Human Summoner began the quest for the
                  | Orb.
     0 | D:1      | Reached XP level 1. HP: 13/13 MP: 3/3
   555 | D:1      | Reached XP level 2. HP: 19/19 MP: 5/5
   633 | D:1      | Found Valaadeca's Magic Scroll Boutique.
   877 | D:1      | Found a faded altar of an unknown god.
  1237 | D:2      | Reached XP level 3. HP: 17/24 MP: 3/6
  1245 | D:2      | Learned a level 3 spell: Call Canine Familiar
  1248 | D:2      | Learned a level 2 spell: Call Imp
  1425 | D:2      | Noticed a necrophage
  1435 | D:2      | Killed a necrophage
  1436 | D:2      | Reached XP level 4. HP: 15/30 MP: 0/8
  1635 | D:2      | Reached XP level 5. HP: 35/35 MP: 9/9
  2172 | D:3      | Found an opulent altar of Gozag.
  2497 | D:3      | Found a white marble altar of Elyvilon.
  2881 | D:3      | Found a runed translucent door.
  2881 | D:3      | Noticed Destapler's ghost (amateur MiBe)
  3153 | D:3      | Reached XP level 6. HP: 11/41 MP: 1/10
  3553 | D:3      | Found a glowing silver altar of Zin.
  8199 | D:4      | Found Maraeh's Magic Scroll Shoppe.
  8203 | D:4      | Reached skill level 5 in Summonings
  8397 | D:4      | Reached XP level 7. HP: 44/46 MP: 9/12
  8421 | D:4      | Found Keusaqyufe's Assorted Antiques.
  8678 | D:4      | Found Onewnecs's Assorted Antiques.
  8730 | D:4      | Reached skill level 6 in Summonings
  8921 | D:4      | Found Ubohehev's Magic Scroll Shoppe.
  9040 | D:4      | Found Owianack's Antique Armour Shop.
  9378 | D:5      | Entered Level 5 of the Dungeon
  9382 | D:5      | Found a runed translucent door.
  9387 | D:5      | Found a hide-covered altar of Uskayaw.
  9389 | D:5      | Noticed kalagan's ghost (novice DECj)
  9534 | D:5      | Reached XP level 8. HP: 23/52 MP: 2/14
  9748 | D:5      | Reached skill level 7 in Summonings
 10320 | D:5      | Reached skill level 5 in Spellcasting
 10785 | D:5      | Reached skill level 8 in Summonings
 10948 | D:5      | Found a runed translucent door.
 11321 | D:5      | Found an ornate altar of the Wu Jian Council.
 11594 | D:5      | Learned a level 4 spell: Summon Lightning Spire
 11929 | D:6      | Reached XP level 9. HP: 13/57 MP: 2/17
 12350 | D:6      | Noticed Pikel
 12373 | D:6      | Killed Pikel
 12374 | D:6      | Reached skill level 9 in Summonings
 12835 | D:6      | Found a snail-covered altar of Cheibriados.
 13269 | D:6      | Reached skill level 10 in Summonings
 13388 | D:6      | Identified the +2 cloak of the Big Bang {rPois rF+ rC+}
 13771 | D:7      | Reached skill level 1 in Fighting
 13782 | D:7      | Reached XP level 10. HP: 59/66 MP: 5/19
 14060 | D:7      | Reached skill level 5 in Dodging
 14419 | D:7      | Reached skill level 1 in Shields
 14671 | D:7      | Found a staircase to the Ecumenical Temple.
 14863 | Temple   | Entered the Ecumenical Temple
 15032 | Temple   | Became a worshipper of Yredelemnul the Dark
 15323 | D:8      | Noticed a two-headed ogre
 15416 | D:8      | Killed a two-headed ogre
 15417 | D:8      | Reached * piety under Yredelemnul
 15417 | D:8      | Reached skill level 11 in Summonings
 15672 | D:7      | Identified a scroll of acquirement
 15673 | D:7      | Acquired 600 gold pieces
 17399 | D:8      | Reached ** piety under Yredelemnul
 17495 | D:8      | Reached XP level 11. HP: 76/76 MP: 17/20
 17601 | D:8      | Noticed Joseph
 17602 | D:8      | Found Gughan's Hallowed Reliquary.
 17604 | D:8      | Noticed an angel
 17617 | D:8      | Killed Joseph
 17713 | D:8      | Found a staircase to the Lair.
 17736 | D:8      | Noticed a moth of wrath
 17739 | D:8      | Found a bloodstained altar of Trog.
 18719 | D:9      | Noticed a moth of wrath
 18729 | D:9      | Found a transporter.
 18735 | D:9      | Noticed Sikaos's ghost (journeyman HuCj)
 18735 | D:9      | Noticed a manticore
 18920 | D:9      | Found a transporter.
 18937 | D:9      | Reached skill level 12 in Summonings
 19053 | D:9      | Found Avvol's Antique Armour Shoppe.
 19057 | D:9      | Bought a pair of runed gloves for 165 gold pieces
 19159 | D:9      | Found a sparkling altar of Nemelex Xobeh.
 20215 | D:5      | Killed kalagan's ghost
 20441 | D:10     | Entered Level 10 of the Dungeon
 20477 | D:10     | Found Nouqeusch's Fire Supplies.
 20946 | D:10     | You fall into a shaft and drop 2 floors!
 20946 | D:12     | Found a gate leading to a gauntlet.
 20978 | D:12     | Noticed a boulder beetle
 21314 | D:11     | Gained mutation: You are frail. (-10% HP) [a neqoxec]
 21318 | D:11     | Noticed a sun demon
 21321 | D:11     | Gained mutation: You are occasionally teleported next to
                  | monsters. [a neqoxec]
 21352 | D:11     | Noticed a cyclops
 21474 | D:10     | Found an ancient bone altar of Kikubaaqudgha.
 21922 | D:10     | Reached skill level 5 in Fighting
 22143 | D:10     | Found a hazy altar of Hepliaklqana.
 22320 | Lair:1   | Entered Level 1 of the Lair of Beasts
 22998 | Lair:1   | Reached XP level 12. HP: 74/77 MP: 13/21
 23102 | Lair:1   | Identified the +3 ring mail of the Hammering Gods {Dex+5}
 23128 | Lair:1   | Identified the +8 shortbow of Blood {vorpal, rElec Will++
                  | rCorr Dex-3}
 23848 | Lair:2   | Reached skill level 5 in Shields
 24486 | Lair:2   | Noticed a death yak
 24511 | Lair:2   | Noticed a death yak
 24512 | Lair:2   | Noticed a death yak
 24521 | Lair:2   | Noticed a death yak
 25024 | Lair:2   | Reached skill level 13 in Summonings
 25494 | Lair:3   | Noticed a six-headed hydra
 25503 | Lair:3   | Found a staircase to the Shoals.
 26226 | Lair:4   | Noticed a seven-headed hydra
 26236 | Lair:4   | Killed a seven-headed hydra
 26337 | Lair:4   | Reached *** piety under Yredelemnul
 27428 | Lair:3   | Killed a six-headed hydra
 27429 | Lair:3   | Reached XP level 13. HP: 41/81 MP: 2/25
 28184 | Lair:3   | Found a hole to the Spider Nest.
 28664 | Lair:3   | Noticed a five-headed hydra
 28687 | Lair:3   | Killed a five-headed hydra
 28688 | Lair:3   | Reached skill level 14 in Summonings
 29222 | Lair:2   | You fall into a shaft and drop 1 floor!
 31542 | Lair:2   | Acquired the amulet "Haumpeu" {Reflect Fragile rF+ Str+2
                  | Slay+2 SH+5}
 31602 | Lair:5   | Entered Level 5 of the Lair of Beasts
 31669 | Lair:5   | Noticed a six-headed hydra
 31695 | Lair:5   | Killed a six-headed hydra
 32091 | Lair:5   | Noticed a catoblepas
 32214 | Lair:5   | Killed a catoblepas
 32409 | Lair:5   | Identified the +1 chain mail of Ghostly Brilliance {-Cast
                  | rElec rPois rC++}
 32433 | Lair:5   | Reached **** piety under Yredelemnul
 32472 | Lair:5   | Reached skill level 10 in Spellcasting
 32672 | Lair:5   | Noticed a seven-headed hydra
 32672 | Lair:5   | Noticed a seven-headed hydra
 32691 | Lair:5   | Killed a seven-headed hydra
 32701 | Lair:5   | Killed a seven-headed hydra
 32702 | Lair:5   | Reached XP level 14. HP: 60/88 MP: 4/28
 32951 | Lair:5   | Reached skill level 15 in Summonings
 33066 | Lair:5   | Reached skill level 10 in Shields
 33569 | Lair:5   | Reached ***** piety under Yredelemnul
 33614 | Lair:5   | Found a staircase to the Slime Pits.
 33615 | Lair:5   | Found a viscous altar of Jiyva.
 35155 | D:11     | Found Fohes's Assorted Antiques.
 35174 | D:11     | Bought 2 scrolls of teleportation for 150 gold pieces
 35174 | D:11     | Bought a scroll of fear for 100 gold pieces
 36384 | D:12     | Noticed Kirke
 36388 | D:12     | Noticed a sphinx
 36391 | D:12     | Noticed Azrael
 36582 | D:12     | Killed Kirke
 36984 | D:12     | HP: 4/90 [Azrael/damnation (36)]
 37328 | D:12     | Lost mutation: You are frail. (-10% HP) [potion of
                  | mutation]
 37328 | D:12     | Lost mutation: You are occasionally teleported next to
                  | monsters. [potion of mutation]
 37328 | D:12     | Gained mutation: You expend magic power (3 MP) to
                  | strengthen your wands. [potion of mutation]
 37328 | D:12     | Gained mutation: You are clumsy. (Dex -2) [potion of
                  | mutation]
 37410 | D:12     | Killed Azrael
 37713 | D:12     | Found a staircase to the Orcish Mines.
 38589 | D:13     | Reached skill level 10 in Dodging
 38921 | D:13     | Reached XP level 15. HP: 105/108 MP: 24/29
 39647 | D:13     | Learned a level 3 spell: Summon Guardian Golem
 40743 | D:14     | Noticed Agnes
 41545 | Orc:1    | Entered Level 1 of the Orcish Mines
 41545 | Orc:1    | Found Ifra Zun's Firing Range.
 41983 | Orc:2    | Entered Level 2 of the Orcish Mines
 42475 | Orc:2    | Found a staircase to the Elven Halls.
 44643 | Orc:2    | Found Rirom's Magic Scroll Emporium.
 44643 | Orc:2    | Found Geubluir's Armour Emporium.
 44644 | Orc:2    | Found Menusun's Assorted Antiques.
 44644 | Orc:2    | Found Vizouf's Weapon Boutique.
 44674 | Orc:2    | Bought a scroll of fear for 56 gold pieces
 44674 | Orc:2    | Bought a scroll of teleportation for 42 gold pieces
 44674 | Orc:2    | Bought a scroll of fear for 56 gold pieces
 45197 | D:13     | HP: 2/112 [poisoned by Agnes]
 45204 | D:13     | Killed Agnes
 45855 | D:14     | Found a gate to the Vaults.
 47549 | D:14     | Found a runed translucent door.
 47550 | D:14     | Noticed Qacareed's ghost (adept MiBe)
 48609 | D:14     | Identified the +2 rapier "Ecommu" {drain, Fly}
 48681 | D:15     | Entered Level 15 of the Dungeon
 48781 | D:15     | Reached XP level 16. HP: 109/120 MP: 31/31
 49204 | D:15     | Identified the amulet "Ommopah" {RegenMP SInv}
 50165 | D:15     | Found a shimmering altar of Xom.
 50166 | D:15     | Found a shimmering altar of Xom.
 50166 | D:15     | Found a shimmering altar of Xom.
 50168 | D:15     | Found a shimmering altar of Xom.
 50170 | D:15     | Found a shimmering altar of Xom.
 50669 | D:15     | Reached skill level 10 in Fighting
 51064 | D:15     | Found a staircase to the Depths.
 51096 | D:15     | Reached skill level 1 in Invocations
 51230 | D:15     | Reached skill level 16 in Summonings
 51957 | D:14     | Killed Qacareed's ghost
 52517 | Shoals:1 | Entered Level 1 of the Shoals
 53175 | Shoals:1 | Reached ****** piety under Yredelemnul
 53344 | Shoals:1 | Noticed a titan
 53384 | Shoals:1 | Killed a titan
 53403 | Shoals:1 | Identified the ring of Satisfaction {Wiz rN+}
 54715 | Shoals:2 | Reached skill level 5 in Invocations
 55122 | Shoals:2 | Reached XP level 17. HP: 107/131 MP: 30/33
 56026 | Shoals:2 | Noticed Louise
 56059 | Shoals:2 | Killed Louise
 56487 | Shoals:2 | Killed from afar by a water nymph

Illustrated notes

Levels and vault maps discovered:
D:1:      kennysheep_arrival_seaside, layout_rooms, serial_shops,
          nicolae_shop_hallway_stairs, dilly_ecumenical_altar_fadedgnrine
D:2:      layout_rooms, minmay_split_cup_small
D:3:      layout_basic, nicolae_gozag_cash_rules_everything_around_me,
          zin_scriptorium, nicolae_elyvilon_temple_path, gammafunk_ghost_grave
D:4:      layout_rooms, serial_shops, shop_statue, nicolae_shop_waterfront,
          nicolae_inconvenience_store, nicolae_shop_advertising_works
          [nicolae_subvault_shop_adworks], nicolae_shop_overgrown_old_shop
D:5:      layout_basic, mainiacjoe_overflow_boulevard,
          mainiacjoe_overflow_alcove_2, ebering_ghost_sewer_f,
          minmay_fractal_squares_5
D:6:      layout_basic, kennysheep_slug_shrine, uniq_pikel
D:7:      layout_basic, minmay_temple_entry_sparse_star, serial_glass,
          glass_columns_a, glass_columns_a, glass_columns_a, glass_columns_a
D:8:      layout_loops_ring, tgw_trog, lair_entry_dummy, nicolae_good_shop,
          uniq_joseph
D:9:      layout_roguey, mainiacjoe_overflow_paths, serial_shops, shop,
          gammafunk_ghost_berserking_beasts
D:10:     layout_loops_ring, kiku_gazebo_garden_becter,
          worldfamousw_hep_ancestral_shrine, nicolae_shop_fire_sale
          [nicolae_sub_dead_trees], hangedman_decor_slide_cut
D:11:     layout_gridville, serial_shops, shop_coins
D:12:     layout_rooms, erik_orc_1, gauntlet_entry_generic, uniq_azrael,
          uniq_kirke
D:13:     layout_layer_cave, minmay_misc_feat_tower, due_unseen_surprise
D:14:     layout_rooms, erik_vaults_2, hangedman_abyss_or_decor_passed,
          ebering_ghost_reflecting_pool, uniq_agnes
D:15:     gammafunk_enter_depths_forms, layout_irregular_city, xom_redecorated,
          nooodl_orcs_dogs
Temple:   nicolae_temple_slightly_damp_pantheon
Lair:1:   layout_chaotic_city, st_stairs_12
Lair:2:   layout_regular_city
Lair:3:   layout_roguey, shoals_dummy_entry, spider_nest_entry_rubble,
          special_room [special_room_bee]
Lair:4:   layout_loops_ring
Lair:5:   guppyfry_lair_end_dragon, layout_cave_pods, slime_entry_1,
          dreamdust_gnoll_shepherd
Shoals:1: cheibrodos_shoals_gigantism, layout_shoals
Shoals:2: nzn_motion_control, layout_shoals, nicolae_shoals_spring_well_temple,
          uniq_louise
Orc:1:    layout_caves, nicolae_shop_firing_range
Orc:2:    st_orc_elflike, layout_caves, nicolae_orc_flooded_monolith

Skill      XL: |  1  2  3  4  5  6  7  8  9 10 11 12 13 14 15 16 |
---------------+-------------------------------------------------+-----
Stealth        | 3 4 |  4.0
Dodging        | 3 4 6 8 10 11 | 11.5
Spellcasting   | 3 4 5 6 8 10 11 12 | 12.3
Summonings     | 5 6 8 10 11 12 13 14 15 16 | 16.6
Fighting       | 1 3 5 7 9 11 | 11.3
Shields        | 3 4 7 9 11 12 | 12.7
Invocations    | 5 |  5.7

Action                   |  1- 3 |  4- 6 |  7- 9 | 10-12 | 13-15 | 16-18 || total
-------------------------+-------+-------+-------+-------+-------+-------++-------
Melee: Dagger            |    12 |       |       |       |       |       ||    12
       War axe           |    28 |    74 |     5 |       |       |       ||   107
       Trident           |       |       |    22 |   323 |   311 |   211 ||   867
       Halberd           |       |       |   109 |     1 |       |       ||   110
 Cast: Summon Small Mamm |    13 |     9 |    31 |    33 |    31 |     4 ||   121
       Call Canine Famil |     1 |     9 |    32 |    85 |   151 |    66 ||   344
       Call Imp          |     1 |     9 |    18 |    17 |    29 |     5 ||    79
       Summon Lightning  |       |       |     8 |    85 |   191 |    80 ||   364
       Summon Guardian G |       |       |       |       |     5 |     8 ||    13
Invok: Recall Undead Har |       |       |       |       |     1 |       ||     1
Evoke: Wand              |       |       |       |       |     1 |       ||     1
  Use: Scroll            |       |     5 |       |    22 |    24 |     5 ||    56
       Potion            |       |       |       |     3 |     7 |     3 ||    13
 Stab: Sleeping          |     3 |     4 |     4 |     1 |       |     2 ||    14
       Distracted        |     2 |     3 |     2 |    11 |     9 |     7 ||    34
Armor: Robe              |    13 |    21 |    27 |    91 |    36 |       ||   188
       Ring mail         |       |       |       |    14 |    72 |    32 ||   118
Dodge: Dodged            |    36 |    56 |   144 |   313 |   233 |    76 ||   858
Block: Buckler           |       |       |       |   109 |   202 |       ||   311
       Reflection        |       |       |       |       |    19 |    25 ||    44
       Kite shield       |       |       |       |       |    69 |   238 ||   307
